 Seeded DCSS version 0.29.0-11-gd7f09526c8 (webtiles) character file.

Game seed: 11434976074280936760 (custom seed)

3059 bwicke the Grappler (level 9, -1/84 HPs)
             Began as a Troll Gladiator on Sept 4, 2022.
             Slain by a troll (9 damage)
             ... on level 9 of the Dungeon.
             The game lasted 00:14:03 (4652 turns).

bwicke the Grappler (Troll Gladiator)               Turns: 4652, Time: 00:14:04

Health: -1/84      AC:  5    Str: 28    XL:     9   Next: 57%
Magic:  8/8        EV: 10    Int:  4    God:
Gold:   332        SH:  0    Dex: 11    Spells: 8/8 levels left

rFire   + . .      SeeInvis +     - Unarmed
rCold   + . .      Faith    .   (no shield)
rNeg    . . .      Spirit   .   J - +1 robe {Will+}
rPois   +          Reflect  .   b - +0 hat
rElec   +          Harm     .   D - scarf {rC+ rF+}
rCorr   .          Rampage  .   (gloves unavailable)
Will    +....                   (boots unavailable)
Stlth   +.........              i - amulet "Zistabut" {RegenMP rElec rPois}
HPRegen 1.04/turn               v - +4 ring of slaying
MPRegen 0.51/turn               n - ring of see invisible

@: no status effects
A: large, unfitting armour, claws 3, regeneration 1, shaggy fur 1, tough skin 1
a: no special abilities


You were on level 9 of the Dungeon.
You visited 1 branch of the dungeon, and saw 7 of its levels.

You collected 332 gold pieces.

Inventory:

Hand Weapons
 y - a +0 dagger of venom
 z - a +0 trident
 B - a +2 dire flail of venom
 G - a +0 antimagic war axe
 H - a +2 halberd of freezing
 I - a +2 trident
 K - a +0 flail of venom
 N - a +4 short sword
Missiles
 c - a throwing net (quivered)
 d - 5 large rocks
 k - 2 atropa-tipped darts
Armour
 a - a +0 robe
 b - a +0 hat (worn)
 D - a scarf of resistance (worn)
 J - a +1 robe of willpower (worn)
Jewellery
 f - a +6 ring of intelligence
 i - the amulet "Zistabut" (around neck) {RegenMP rElec rPois}
   (You acquired it on level 2 of the Dungeon)

   [amulet of magic regeneration]

   It increases your rate of magic regeneration.
   rElec:     It insulates you from electricity.
   rPois:     It protects you from poison.
 n - a ring of see invisible (right claw)
 s - an amulet of regeneration
 v - a +4 ring of slaying (left claw)
 x - a ring of fire
Wands
 q - a wand of mindburst (7)
 u - a wand of iceblast (4)
 E - a wand of flame (45)
 L - a wand of light (8)
Scrolls
 j - a scroll of silence
 m - 2 scrolls of enchant weapon
 o - a scroll of poison {unknown}
 r - 3 scrolls of magic mapping
 t - a scroll of teleportation
 F - a scroll of immolation
Potions
 e - a potion of attraction {unknown}
 g - 2 potions of heal wounds
 h - a potion of invisibility {unknown}
 l - 2 potions of lignification {unknown}
 p - 3 potions of curing {unknown}
 w - a potion of flight {unknown}
 A - a potion of degeneration {unknown}
 C - a potion of mutation {unknown}
 M - a potion of berserk rage {unknown}
 O - a potion of might {unknown}


   Skills:
 + Level 3.8 Fighting
 - Level 1.7 Throwing
 - Level 2.4 Dodging
 - Level 13.0 Unarmed Combat


You had 8 spell levels left.
You didn't know any spells.
Your spell library contained the following spells:

 Spells                   Type           Power      Damage    Failure   Level
 Gell's Gravitas          Tloc           0%         N/A       86%         3
 Teleport Other           Tloc           0%         N/A       86%         3
 Fulminant Prism          Conj/Hex       0%         3d6       99%         4
 Iskenderun's Mystic Bla  Conj/Tloc      0%         2d3       99%         4
 Lee's Rapid Deconstruct  Erth           0%         3d5*      100%        5
 Dispersal                Tloc           0%         N/A       100%        6


Dungeon Overview and Level Annotations

Branches:
Dungeon (9/15)
 Temple: D:4-7         Lair: D:8-11         Orc: D:9-12

Altars:
Cheibriados


Innate Abilities, Weirdness & Mutations

You are too large for most types of armour.
You have claws for hands.
Your natural rate of healing is unusually fast.
You are covered in fur. (AC +1)
You have tough skin. (AC +1)


Message History

You feel sick.
You continue taking off your amulet of regeneration.
You feel sick.
You continue taking off your amulet of regeneration.
You feel sick.
You continue taking off your amulet of regeneration.
You feel sick.
You finish taking off your amulet of regeneration.
You start putting on your amulet.
You continue putting on the amulet "Zistabut" {RegenMP rElec rPois}.
You feel sick.
You continue putting on the amulet "Zistabut" {RegenMP rElec rPois}.
You feel sick.
You continue putting on the amulet "Zistabut" {RegenMP rElec rPois}.
You feel sick.
You are no longer poisoned.
You continue putting on the amulet "Zistabut" {RegenMP rElec rPois}. x2
You finish putting on the amulet "Zistabut" {RegenMP rElec rPois}.
i - the amulet "Zistabut" (around neck) {RegenMP rElec rPois} A troll comes into view.
Throw: dart (curare)
Press: ? - help, Shift-Dir - straight line, f - troll
Aim: a troll (62% to hit)
You throw a curare-tipped dart. The curare-tipped dart hits the troll.
The troll is poisoned.
The troll convulses.
The troll seems to slow down.
The troll is lightly wounded.
You mangle the troll!!
The troll is almost dead.
The troll bites you!
* * * LOW HITPOINT WARNING * * *
The troll barely misses you. The troll claws you!
* * * LOW HITPOINT WARNING * * *
Throw: 6 large rocks
Press: ? - help, Shift-Dir - straight line, f/p - troll
Aim: a troll (severely wounded, very poisoned, slow, 62% to hit)
You throw a large rock.
The large rock completely misses the troll.
The troll bites you!
You die...

.......#......###.... #..
##.....#.(.......... ###
#.....#...........
#######..........#
..........# .....(....#
..........#
.......T..#+#######+#.
........@.............
......###†#...........
......#...#...........
..... #...#.........#####
..... #...#.........#....
......###'#.........#....
................#####....
##............#........
###########†##........


You could see a troll (very poisoned, slow).

Vanquished Creatures
  A troll (D:8)
  Grinder (D:4)
  Sigmund (D:2)
  Edmund (D:5)
  Duvessa (D:5)
  2 orc warriors
  An ice beast (D:8)
  A sky beast (D:8)
  An ogre (D:5)
  3 centaurs
  2 phantoms (D:5)
  A kobold brigand (D:9)
  A bullfrog (D:8)
  5 wights (D:8)
  2 scorpions
  Dowan (D:5)
  5 killer bees (D:9)
  5 howler monkeys
  A hound (D:4)
  A jelly (D:5)
  3 orc priests
  3 orc wizards
  2 iguanas (D:5)
  3 gnolls (D:2)
  4 adders
  2 ufetubi
  A worm (D:2)
  3 dart slugs
  26 orcs
  9 ball pythons
  7 bats
  6 endoplasms
  2 giant cockroaches
  5 goblins
  7 hobgoblins
  6 jackals
  8 quokkas
  2 frilled lizards
  16 kobolds
  5 rats
157 creatures vanquished.

Notes
Turn   | Place    | Note
-------+----------+-------------------------------------------
     0 | D:1      | bwicke the Troll Gladiator began the quest for the Orb.
     0 | D:1      | Reached XP level 1. HP: 19/19 MP: 0/0
    27 | D:1      | Found a faded altar of an unknown god.
    51 | D:1      | Reached XP level 2. HP: 27/27 MP: 1/1
   212 | D:1      | Reached skill level 4 in Unarmed Combat
   334 | D:1      | Reached XP level 3. HP: 33/33 MP: 2/2
   475 | D:2      | Noticed Sigmund
   482 | D:2      | Killed Sigmund
   483 | D:2      | Reached skill level 6 in Unarmed Combat
   483 | D:2      | Reached XP level 4. HP: 41/41 MP: 3/3
   483 | D:2      | Reached XP level 5. HP: 48/48 MP: 4/4
   753 | D:2      | Identified a scroll of acquirement
   753 | D:2      | Acquired the amulet "Zistabut" {RegenMP rElec rPois}
  1208 | D:3      | Reached XP level 6. HP: 51/55 MP: 5/5
  1265 | D:3      | Reached skill level 7 in Unarmed Combat
  2250 | D:4      | Noticed Grinder
  2296 | D:4      | Killed Grinder
  2297 | D:4      | Reached skill level 8 in Unarmed Combat
  2297 | D:4      | Reached XP level 7. HP: 19/62 MP: 6/6
  2731 | D:5      | Entered Level 5 of the Dungeon
  2764 | D:5      | Noticed Edmund
  2772 | D:5      | Killed Edmund
  2773 | D:5      | Reached skill level 9 in Unarmed Combat
  2854 | D:5      | Noticed Duvessa
  2854 | D:5      | Noticed Dowan
  2870 | D:5      | Reached XP level 8. HP: 37/70 MP: 7/7
  2874 | D:5      | Killed Duvessa
  2875 | D:5      | Reached skill level 10 in Unarmed Combat
  2883 | D:5      | Killed Dowan
  3030 | D:5      | You fall into a shaft and drop 3 floors!
  3047 | D:8      | Reached skill level 11 in Unarmed Combat
  3269 | D:8      | Noticed a troll
  3276 | D:8      | Killed a troll
  3580 | D:8      | Reached skill level 12 in Unarmed Combat
  3582 | D:8      | Reached XP level 9. HP: 51/74 MP: 8/8
  3970 | D:8      | Found a snail-covered altar of Cheibriados.
  4149 | D:9      | Reached skill level 13 in Unarmed Combat
  4644 | D:9      | Noticed a troll
  4652 | D:9      | Slain by a troll

Illustrated notes

Levels and vault maps discovered:
D:1:      dreamdust_arrival_beginning_and_end, layout_rooms,
          nicolae_ecumenical_snake_handling
D:2:      layout_rooms, minmay_quantized, uniq_sigmund
D:3:      layout_loops_ring, serial_co_window_serial, co_window_paths_b,
          co_window_corner_a, co_window_paths_b, co_window_corner_a,
          co_window_paths_a, co_window_corner_b, co_window_corner_ca,
          co_window_2corner, co_window_broadway_a, co_window_corner_b,
          co_window_cross_2, glass_columns_b, glass_columns_a, glass_columns_c,
          glass_columns_b, kennysheep_crisscross, minmay_misc_feat_more_columns
D:4:      layout_gridville, serial_bayou_lake_a, uniq_grinder
D:5:      layout_basic, corexii_item_surrounded_by_moat, uniq_duvessa,
          uniq_edmund
D:8:      layout_gridville, marbit_many_paths, nicolae_titane
D:9:      layout_irregular_city

Skill      XL: |  1  2  3  4  5  6  7  8  9 |
---------------+----------------------------+-----
Unarmed Combat | 4 6 8 9 12 13 | 13.0
Fighting       | 3 |  3.8
Throwing       | |  1.7
Dodging        | |  2.4

Action                   |  1- 3 |  4- 6 |  7- 9 || total
-------------------------+-------+-------+-------++-------
Melee: Unarmed           |    74 |   149 |   162 ||   385
       Punch             |     1 |     5 |    12 ||    18
Throw: Throwing net      |     3 |     5 |     4 ||    12
       Large rock        |     1 |       |     1 ||     2
       Dart              |       |       |     2 ||     2
  Use: Scroll            |       |     1 |     6 ||     7
       Potion            |       |       |     1 ||     1
 Stab: Sleeping          |     1 |       |       ||     1
       Invisible         |       |       |     1 ||     1
       Held in net/web   |       |       |     1 ||     1
Armor: Robe              |    38 |    58 |    28 ||   124
Dodge: Dodged            |    59 |    71 |    84 ||   214
